 Dungeon Crawl Stone Soup version 0.21.1-1-g345015f (webtiles) character file.

3754 Lorn the Cleaver (level 9, 0/84 HPs)
             Began as a Deep Dwarf Berserker on Mar 17, 2018.
             Was a Priest of Trog.
             Slain by an orc warrior
             ... wielding a +0 halberd
              (15 damage)
             ... in a bailey.
             The game lasted 00:33:01 (6652 turns).

Lorn the Cleaver (Deep Dwarf Berserker)             Turns: 6652, Time: 00:33:02

Health: 0/84       AC: 15    Str: 28    XL:     9   Next: 93%
Magic:  0/0        EV:  9    Int:  8    God:    Trog [***...]
Gold:   445        SH:  0    Dex: 12    Spells: 8/8 levels left

rFire    . . .     SeeInvis .   g - +1 war axe
rCold    . . .     Gourm    +   (no shield)
rNeg     . . .     Faith    .   z - +0 plate armour
rPois    +         Spirit   .   h - +1 helmet
rElec    .         Reflect  .   (no cloak)
rCorr    .         Harm     .   (no gloves)
MR       +....                  (no boots)
Stlth    ..........             F - amulet of the gourmand
HPRegen  0.00/turn              x - ring of poison resistance
MPRegen  0.07/turn              r - +4 ring of strength

@: flying, non-regenerating
A: damage resistance, heal wounds, sense surroundings 2, no regeneration
a: Heal Wounds, Berserk, Trog's Hand, Burn Spellbooks, Renounce Religion


You were in a bailey.
You worshipped Trog.
Trog was most pleased with you.
You were completely stuffed.

You visited 2 branches of the dungeon, and saw 9 of its levels.
You also visited: Bailey.

You collected 445 gold pieces.

Inventory:

Hand Weapons
 g - a +1 war axe (weapon)
 m - a -2 hand axe
 y - a +0 glaive of flaming
Missiles
 j - 3 throwing nets (quivered)
Armour
 h - a +1 helmet (worn)
 w - a +0 helmet
 z - a +0 plate armour (worn)
Jewellery
 l - an uncursed ring of ice
 r - a +4 ring of strength (right hand)
 t - an uncursed ring of fire
 x - a ring of poison resistance (left hand)
 B - an uncursed amulet of rage
 C - the ring of Reugiseb {rCorr rF+++ Str+2 Int+5 Dex+2 Slay-6}
   (You found it on level 7 of the Dungeon)

   [ring of resist corrosion]

   It affects your strength (+2).
   It affects your intelligence (+5).
   It affects your dexterity (+2).
   It affects your accuracy and damage with ranged weapons and melee attacks
   (-6).
   It renders you almost immune to fire.
 F - an amulet of the gourmand (around neck)
Wands
 b - a wand of polymorph (10)
 v - a wand of flame (22)
 G - a wand of iceblast (12)
 H - a wand of digging (13)
 I - a wand of paralysis (15)
Scrolls
 d - 3 scrolls of remove curse
 e - 4 scrolls of teleportation
 i - 2 scrolls of identify
 o - 3 scrolls of enchant armour
Potions
 f - 3 potions of flight
 k - a potion of agility
 p - a potion of haste
 q - a potion of degeneration
 u - a potion of resistance
 A - a potion of might
 D - a potion of magic
Comestibles
 c - 14 rations


   Skills:
 + Level 6.3 Fighting
 + Level 11.4 Axes
 + Level 7.7 Armour
 + Level 4.5 Dodging
 + Level 1.6 Stealth


You had 8 spell levels left.
You didn't know any spells.

Dungeon Overview and Level Annotations

Branches:
Dungeon (8/15)             Temple (1/1) D:6            Lair (0/6) D:8

Altars:
Ashenzari
Cheibriados
Dithmenos
Elyvilon
Fedhas
Gozag
Hepliaklqana
Kikubaaqudgha
Makhleb
Nemelex Xobeh
Okawaru
Qazlal
Ru
Sif Muna
Trog
Uskayaw
Vehumet
Wu Jian
Xom
Yredelemnul
Zin
The Shining One

Shops:
D:7 *

Annotations:
D:8 ЛОГОВО ЗВЕРЕЙ


Innate Abilities, Weirdness & Mutations

You are resistant to damage.
You can heal yourself by infusing magical energy.
You passively map the area around you.
You do not regenerate.


Message History

You kill the orc!
Trog accepts your kill.
A centaur comes into view. It is wielding a trident.
The centaur shouts!
The orc warrior shouts!
Things that are here:
a halberd; a chain mail The centaur throws a javelin of returning.
The javelin of returning hits you.
The weapon returns to the centaur!
The centaur throws a javelin of returning.
The javelin of returning hits you.
You see here a javelin of returning.
Okay, then.
The centaur throws a javelin of returning.
The javelin of returning closely misses you.
The weapon returns to the centaur!
The orc warrior closely misses you.
The centaur throws a javelin of returning.
The javelin of returning hits you but does no damage.
The weapon returns to the centaur!
The orc warrior hits you with a halberd!!
You die...

, ≈ ≈ ≈≈..⌠.≈≈.≈≈≈#
≈≈.....≈.≈≈≈# , ≈≈
≈≈≈....≈≈.≈≈# , ≈
≈≈≈.....≈.≈≈# ,
,≈≈≈....c≈.≈≈# ,,,,
≈≈"≈≈≈.....≈.≈≈#
...≈≈≈?≈≈≈...o.≈.≈≈#
,...≈≈≈≈≈o≈....@≈.≈≈#
....≈≈≈≈≈≈≈....≈≈.≈≈#
.....≈≈≈≈≈.....≈(≈≈≈#
≈.⌠..≈≈≈≈≈..⌠.≈≈)≈≈≈#
≈.....≈≈≈.....≈.≈≈≈≈#
,
≈≈.........≈≈≈.≈≈≈≈#
,.≈≈≈...((≈≈≈).≈≈≈≈≈#
≈.c≈#.))#≈.)≈≈≈≈≈≈≈#
≈ #.))#.≈≈≈≈≈≈≈≈##


You could see 2 orc warriors and a centaur.

Vanquished Creatures
  Joseph (D:7)
  The ghost of inc the Thaumaturge, a novice OpCj of Gozag (D:6)
  9 orc warriors
  A sky beast (D:6)
  An ice beast (D:6)
  3 ogres
  6 centaurs
  6 bullfrogs
  A wyvern skeleton (D:6)
  3 scorpions
  2 crimson imps
  A jelly (D:8)
  8 hounds
  An orc priest (D:7)
  3 orc wizards (D:7)
  A centaur skeleton (D:5)
  2 worker ants (D:8)
  6 adders
  2 shadow imps (D:5)
  An ooze (D:3)
  2 adder skeletons
  A worm (D:3)
  A dart slug (D:4)
  3 leopard geckos
  40 orcs
  5 bats
  4 giant cockroaches
  4 goblins
  10 hobgoblins
  14 jackals
  2 quokkas
  4 frilled lizards
  8 kobolds
  A quokka skeleton (D:6)
  A quokka zombie (D:5)
  6 rats
165 creatures vanquished.

Notes
Turn   | Place    | Note
-------+----------+-------------------------------------------
     0 | D:1      | Lorn the Deep Dwarf Berserker began the quest for the Orb.
     0 | D:1      | Reached XP level 1. HP: 20/20 MP: 1/1
   155 | D:1      | Reached XP level 2. HP: 24/27 MP: 2/2
   746 | D:2      | Reached skill level 4 in Axes
   746 | D:2      | Reached XP level 3. HP: 20/34 MP: 2/2
   810 | D:2      | Reached ** piety under Trog
  1652 | D:3      | Reached XP level 4. HP: 35/42 MP: 2/2
  2495 | D:4      | Noticed an ogre
  2502 | D:4      | Killed an ogre
  2502 | D:4      | Reached skill level 5 in Axes
  2502 | D:4      | Reached skill level 1 in Stealth
  2502 | D:4      | Reached XP level 5. HP: 49/49 MP: 3/3
  2876 | D:5      | Entered Level 5 of the Dungeon
  2904 | D:5      | Reached XP level 6. HP: 37/57 MP: 4/4
  2992 | D:5      | Reached skill level 6 in Axes
  3235 | D:5      | Reached *** piety under Trog
  3258 | D:5      | Reached XP level 7. HP: 55/64 MP: 4/4
  3420 | D:5      | Found a shimmering altar of Xom.
  3833 | D:6      | Noticed inc's ghost (novice OpCj)
  3850 | D:6      | Killed inc's ghost
  3850 | D:6      | Reached skill level 7 in Axes
  3941 | D:6      | Reached skill level 5 in Armour
  3941 | D:6      | Reached XP level 8. HP: 71/73 MP: 5/5
  3983 | D:6      | Reached skill level 8 in Axes
  4549 | D:6      | Found a staircase to the Ecumenical Temple.
  4555 | Temple   | Entered the Ecumenical Temple
  5054 | D:7      | Found Waucoc's General Store.
  5156 | D:7      | Reached **** piety under Trog
  5156 | D:7      | Reached skill level 9 in Axes
  5310 | D:7      | Noticed Joseph
  5331 | D:7      | Killed Joseph
  5331 | D:7      | Reached skill level 5 in Fighting
  5331 | D:7      | Reached skill level 10 in Axes
  5331 | D:7      | Gained mutation: You passively map the area around you. [Deep Dwarf growth]
  5331 | D:7      | Reached XP level 9. HP: 73/81 MP: 5/5
  5434 | D:7      | Found a deep blue altar of Sif Muna.
  5615 | D:7      | Got a steaming ivory ring
  5721 | D:7      | Identified the ring of Reugiseb {rCorr rF+++ Str+2 Int+5 Dex+2 Slay-6} (You found it on level 7 of the Dungeon)
  5748 | D:8      | Found a staircase to the Lair.
  5830 | D:8      | Found a hazy altar of Hepliaklqana.
  5912 | D:8      | Found a shadowy altar of Dithmenos.
  6110 | D:8      | Found a flagged portal.
  6134 | Bailey   | Entered a bailey
  6317 | Bailey   | Reached skill level 11 in Axes
  6550 | Bailey   | HP: 6/123 [orc warrior/glaive (16)]
  6652 | Bailey   | Slain by an orc warrior

Skill      XL: |  1  2  3  4  5  6  7  8  9 |
---------------+----------------------------+-----
Fighting       | 3 4 5 6 |  6.3
Axes           | 4 5 6 7 10 11 | 11.4
Dodging        | 3 4 |  4.5
Stealth        | 1 |  1.6
Armour         | 3 5 6 7 |  7.7

Action                   |  1- 3 |  4- 6 |  7- 9 || total
-------------------------+-------+-------+-------++-------
Melee: Hand axe          |   136 |   211 |    37 ||   384
       War axe           |       |       |   339 ||   339
Invok: Berserk           |       |     1 |     8 ||     9
       Burn Spellbooks   |       |       |     1 ||     1
 Abil: Heal Wounds       |     3 |     4 |    26 ||    33
  Use: Scroll            |     5 |       |     8 ||    13
       Potion            |       |       |     5 ||     5
 Stab: Sleeping          |     1 |       |       ||     1
  Eat: Chunk             |     2 |     3 |    17 ||    22
       Ration            |       |     1 |     4 ||     5
Armor: Animal skin       |    26 |       |       ||    26
       Scale mail        |     2 |    93 |   102 ||   197
       Plate armour      |       |       |   121 ||   121
Dodge: Dodged            |   103 |   103 |   235 ||   441
